MLB
MINNESOTA TWINS @ BOSTON RED SOX
10/26/2098
 
TOP OF THE 1ST
Minnesota Twins batting - Pitching for Boston Red Sox : RHP Colin Marko
Pitching: RHP Colin Marko
Batting: RHB Rogelio Rivera 0-0: Ground out 6-3 (Groundball, 6M, EV 87.5 MPH)
Batting: SHB Jim Whitlock 0-0: Foul Ball, location: 2F
0-1: Called Strike
0-2: Ball
1-2: SINGLE (Line Drive, 9S, EV 94.4 MPH)
Batting: SHB William Maki 0-0: Called Strike
0-1: Called Strike
0-2: Ball
1-2: Ball
2-2: Foul Ball, location: 2F
2-2: Ball
3-2: Strikes out looking
Jim Whitlock steals 2nd base
Batter strikes out.
Batting: RHB Bill Widby 0-0: Foul Ball, location: 2F
0-1: Fly out, F3 (Popup, 3F, EV 65.0 MPH)
Top of the 1st over - 0 runs, 1 hit, 0 errors, 1 left on base; Minnesota 0 - Boston 0
BOTTOM OF THE 1ST
Boston Red Sox batting - Pitching for Minnesota Twins : RHP Danny Ahlers
Pitching: RHP Danny Ahlers
Batting: LHB Marquise Woods 0-0: Ball
1-0: Called Strike
1-1: Swinging Strike
1-2: Ball
2-2: Ball
3-2: Foul Ball, location: 23F
3-2: Base on Balls
Batting: LHB Michael Lindstrom 0-0: Ball
1-0: Ball
2-0: Foul Ball, location: 23F
2-1: Ball
3-1: Fly out, F7 (Flyball, 7S, EV 80.6 MPH)
Batting: SHB Alex Salazar 0-0: Ball
1-0: Fielders Choice at 2nd, 6-4 (Groundball, 6, EV 89.4 MPH)
Batting: RHB Joe Fowler 0-0: Ball
1-0: Called Strike
1-1: Foul Ball, location: 9LSF
1-2: Fly out, F8 (Flyball, 8LXD, EV 111.3 MPH)
Bottom of the 1st over - 0 runs, 0 hits, 0 errors, 1 left on base; Minnesota 0 - Boston 0
TOP OF THE 2ND
Minnesota Twins batting - Pitching for Boston Red Sox : RHP Colin Marko
Batting: LHB Emilio Gonzales 0-0: Called Strike
0-1: Ball
1-1: Foul Ball, location: 2F
1-2: Foul Ball, location: 2F
1-2: Ball
2-2: Strikes out looking
Batting: RHB Joe Looby 0-0: Ball
1-0: Foul Ball, location: 2F
1-1: Ball
2-1: Ball
3-1: Fly out, F7 (Flyball, 7D, EV 96.3 MPH)
Batting: LHB Dan Barker 0-0: Swinging Strike
0-1: Called Strike
0-2: Strikes out looking
Top of the 2nd over - 0 runs, 0 hits, 0 errors, 0 left on base; Minnesota 0 - Boston 0
BOTTOM OF THE 2ND
Boston Red Sox batting - Pitching for Minnesota Twins : RHP Danny Ahlers
Batting: SHB Tyler Den Hartog 0-0: Ball
1-0: Ground out U3 (Groundball, 3, EV 87.5 MPH)
Batting: LHB Chris Kautz 0-0: Foul Ball, location: 3SF
0-1: Fly out, F8 (Flyball, 8LD, EV 73.8 MPH)
Batting: LHB Sergio Mejia 0-0: Ball
1-0: Ball
2-0: DOUBLE (Flyball, 8RXD, EV 113.1 MPH)
Batting: RHB Nate Campbell 0-0: Fly out, F4 (Popup, 4, EV 71.3 MPH)
Bottom of the 2nd over - 0 runs, 1 hit, 0 errors, 1 left on base; Minnesota 0 - Boston 0
TOP OF THE 3RD
Minnesota Twins batting - Pitching for Boston Red Sox : RHP Colin Marko
Batting: RHB Chris Ward 0-0: Called Strike
0-1: Called Strike
0-2: Ball
1-2: DOUBLE (Flyball, 8RXD, EV 95.6 MPH)
Batting: LHB Chris Armstrong 0-0: Ball
1-0: Called Strike
1-1: Foul Ball, location: 3F
1-2: Foul Ball, location: 2F
1-2: Strikes out looking
Batting: RHB Rogelio Rivera 0-0: Ball
1-0: Called Strike
1-1: Foul Ball, location: 2F
1-2: Ball
2-2: Ball
3-2: Strikes out looking
Batting: SHB Jim Whitlock 0-0: Called Strike
0-1: Swinging Strike
0-2: Ball
1-2: Ball
2-2: Ball
3-2: Ground out 5-3 (Groundball, 56, EV 84.4 MPH)
Top of the 3rd over - 0 runs, 1 hit, 0 errors, 1 left on base; Minnesota 0 - Boston 0
BOTTOM OF THE 3RD
Boston Red Sox batting - Pitching for Minnesota Twins : RHP Danny Ahlers
Batting: RHB Matt Alexander 0-0: Called Strike
0-1: Fly out, F8 (Flyball, 8LD, EV 88.1 MPH)
Pitching: LHP Jon Meger
Batting: LHB Marquise Woods 0-0: Ball
1-0: Called Strike
1-1: Foul Ball, location: 5FF
1-2: Strikes out swinging
Batting: LHB Michael Lindstrom 0-0: Called Strike
0-1: Called Strike
0-2: Strikes out looking
Bottom of the 3rd over - 0 runs, 0 hits, 0 errors, 0 left on base; Minnesota 0 - Boston 0
TOP OF THE 4TH
Minnesota Twins batting - Pitching for Boston Red Sox : RHP Colin Marko
Batting: SHB William Maki 0-0: Foul Ball, location: 2F
0-1: SINGLE (Line Drive, 3D, EV 95.6 MPH)
Batting: RHB Bill Widby 0-0: Called Strike
0-1: Foul Ball, location: 2F
0-2: Ball
1-2: Grounds into double play, 4-6-3 (Groundball, 4, EV 91.3 MPH)
Batting: LHB Emilio Gonzales 0-0: Called Strike
0-1: Ball
1-1: Called Strike
1-2: Ball
2-2: Foul Ball, location: 25F
2-2: Foul Ball, location: 2LF
2-2: Ball
3-2: Fly out, F7 (Flyball, 7LS, EV 91.9 MPH)
Top of the 4th over - 0 runs, 1 hit, 0 errors, 0 left on base; Minnesota 0 - Boston 0
BOTTOM OF THE 4TH
Boston Red Sox batting - Pitching for Minnesota Twins : LHP Jon Meger
Batting: SHB Alex Salazar 0-0: Foul Ball, location: 2F
0-1: Swinging Strike
0-2: Foul Ball, location: 2F
0-2: Strikes out looking
Batting: RHB Joe Fowler 0-0: Ball
1-0: Swinging Strike
1-1: Called Strike
1-2: Fly out, F8 (Flyball, 8RD, EV 80.6 MPH)
Batting: SHB Tyler Den Hartog 0-0: Foul Ball, location: 25FF
0-1: Ball
1-1: SINGLE (Line Drive, 6MD, EV 95.6 MPH)
Batting: LHB Chris Kautz 0-0: Ball
1-0: Foul Ball, location: 2F
1-1: Swinging Strike
1-2: Strikes out swinging
Bottom of the 4th over - 0 runs, 1 hit, 0 errors, 1 left on base; Minnesota 0 - Boston 0
TOP OF THE 5TH
Minnesota Twins batting - Pitching for Boston Red Sox : RHP Colin Marko
Batting: RHB Joe Looby 0-0: Ball
1-0: Foul Ball, location: 5DF
1-1: Ball
2-1: Foul Ball, location: 3FF
2-2: Hit by Pitch
Batting: LHB Dan Barker 0-0: Ball
1-0: Fly out, F7 (Line Drive, 7, EV 91.3 MPH)
Batting: RHB Chris Ward 0-0: Ball
1-0: Grounds into double play, 5-4-3 (Groundball, 5, EV 92.5 MPH)
Top of the 5th over - 0 runs, 0 hits, 0 errors, 0 left on base; Minnesota 0 - Boston 0
BOTTOM OF THE 5TH
Boston Red Sox batting - Pitching for Minnesota Twins : LHP Jon Meger
Batting: LHB Sergio Mejia 0-0: Ball
1-0: Ball
2-0: Ball
3-0: Base on Balls
Batting: RHB Nate Campbell 0-0: Fly out, F9 (Flyball, 89M, EV 98.1 MPH)
Batting: RHB Matt Alexander 0-0: Called Strike
0-1: Ball
1-1: Ball
2-1: Foul Ball, location: 23F
2-2: Foul Ball, location: 25FF
2-2: Strikes out looking
Pitching: LHP Josh Schumann
Batting: LHB Marquise Woods 0-0: Called Strike
0-1: Called Strike
0-2: Fly out, F2 (Popup, 25F, EV 87.5 MPH)
Bottom of the 5th over - 0 runs, 0 hits, 0 errors, 1 left on base; Minnesota 0 - Boston 0
TOP OF THE 6TH
Minnesota Twins batting - Pitching for Boston Red Sox : RHP Colin Marko
Batting: LHB Chris Armstrong 0-0: Called Strike
0-1: Fly out, F8 (Flyball, 89D, EV 102.5 MPH)
Batting: RHB Rogelio Rivera 0-0: Ball
1-0: Foul Ball, location: 7LSFF
1-1: Ball
2-1: Ground out 5-3 (Groundball, 56S, EV 68.1 MPH)
Batting: SHB Jim Whitlock 0-0: Called Strike
0-1: Foul Ball, location: 7LSF
0-2: Ball
1-2: Fly out, F4 (Popup, 4, EV 71.9 MPH)
Top of the 6th over - 0 runs, 0 hits, 0 errors, 0 left on base; Minnesota 0 - Boston 0
BOTTOM OF THE 6TH
Boston Red Sox batting - Pitching for Minnesota Twins : LHP Josh Schumann
Batting: LHB Michael Lindstrom 0-0: Ball
1-0: Ball
2-0: Ground out 1-3 (Groundball, 13S, EV 66.9 MPH)
Batting: SHB Alex Salazar 0-0: Swinging Strike
0-1: Ball
1-1: Ball
2-1: Foul Ball, location: 2F
2-2: Strikes out swinging
Batting: RHB Joe Fowler 0-0: Ball
1-0: Foul Ball, location: 2F
1-1: Ball
2-1: Fly out, F9 (Flyball, 89S, EV 90.0 MPH)
Bottom of the 6th over - 0 runs, 0 hits, 0 errors, 0 left on base; Minnesota 0 - Boston 0
TOP OF THE 7TH
Minnesota Twins batting - Pitching for Boston Red Sox : RHP Colin Marko
Pitching: RHP Juan Cortez
Batting: SHB William Maki 0-0: Called Strike
0-1: Swinging Strike
0-2: Ball
1-2: Strikes out swinging
Batting: RHB Bill Widby 0-0: Ball
1-0: Foul Ball, location: 2F
1-1: Foul Ball, location: 9LSF
1-2: Foul Ball, location: 5FF
1-2: Foul Ball, location: 5DF
1-2: Foul Ball, location: 5F
1-2: Strikes out swinging
Batting: LHB Emilio Gonzales 0-0: Foul Ball, location: 7LMF
0-1: Foul Ball, location: 7LMF
0-2: Foul Ball, location: 3F
0-2: Foul Ball, location: 5DF
0-2: Ball
1-2: Ball
2-2: Ball
3-2: Strikes out swinging
Top of the 7th over - 0 runs, 0 hits, 0 errors, 0 left on base; Minnesota 0 - Boston 0
BOTTOM OF THE 7TH
Boston Red Sox batting - Pitching for Minnesota Twins : LHP Josh Schumann
Pitching: LHP Jeff Downing
Batting: SHB Tyler Den Hartog 0-0: Foul Ball, location: 9LDF
0-1: Foul Ball, location: 2RF
0-2: Ball
1-2: Ball
2-2: Foul Ball, location: 9LSFF
2-2: SINGLE (Line Drive, 7S, EV 105.0 MPH)
Batting: LHB Chris Kautz 0-0: 2-RUN HOME RUN (Line Drive, 9D, EV 110.0 MPH), Distance : 411 ft
Batting: LHB Sergio Mejia 0-0: Foul Ball, location: 2F
0-1: Ball
1-1: DOUBLE (Flyball, 8LXD, EV 94.4 MPH)
Batting: RHB Nate Campbell 0-0: Ball
1-0: Ball
2-0: Ball
3-0: Ground out 4-3 (Groundball, 4S, EV 86.9 MPH)
Sergio Mejia to third
Pitching: RHP Mario Prado
Batting: RHB Matt Alexander 0-0: Ball
1-0: Ball
2-0: Fly out, F8 (Flyball, 8LD, EV 108.1 MPH)
Runner from 3rd tags up, OUT at HOME! 8-2
Bottom of the 7th over - 2 runs, 3 hits, 0 errors, 0 left on base; Minnesota 0 - Boston 2
TOP OF THE 8TH
Minnesota Twins batting - Pitching for Boston Red Sox : RHP Juan Cortez
Pitching: RHP Eric Rendleman
Now at C: Cortez Peguero
Now in RF: Zane Wilder
Batting: RHB Joe Looby 0-0: Foul Ball, location: 2LF
0-1: Foul Ball, location: 2F
0-2: Ball
1-2: Foul Ball, location: 9LDF
1-2: Ball
2-2: Strikes out looking
Batting: LHB Dan Barker 0-0: Ball
1-0: Ground out 4-3 (Groundball, 13, EV 87.5 MPH)
Pinch Hitting: SHB Dan Mayes 0-0: Called Strike
0-1: Ball
1-1: Ball
2-1: Called Strike
2-2: Fly out, F8 (Flyball, 8RD, EV 86.9 MPH)
Top of the 8th over - 0 runs, 0 hits, 0 errors, 0 left on base; Minnesota 0 - Boston 2
BOTTOM OF THE 8TH
Boston Red Sox batting - Pitching for Minnesota Twins : RHP Mario Prado
Pitching: RHP Jaden Moore
Now at 2B: Dan Mayes
Now at SS: Jim Whitlock
Batting: LHB Marquise Woods 0-0: Ball
1-0: Ball
2-0: Fly out, F8 (Line Drive, 8LM, EV 104.4 MPH)
Batting: LHB Michael Lindstrom 0-0: Foul Ball, location: 2F
0-1: Swinging Strike
0-2: Strikes out swinging
Batting: SHB Alex Salazar 0-0: Ground out 4-3 (Groundball, 34D, EV 91.9 MPH)
Bottom of the 8th over - 0 runs, 0 hits, 0 errors, 0 left on base; Minnesota 0 - Boston 2
TOP OF THE 9TH
Minnesota Twins batting - Pitching for Boston Red Sox : RHP Eric Rendleman
Batting: LHB Chris Armstrong 0-0: Ball
1-0: Ball
2-0: Fly out, F5 (Line Drive, 5L, EV 67.5 MPH)
Pinch Hitting: LHB Jay Molteni 0-0: Ball
1-0: Ball
2-0: Swinging Strike
2-1: Ball
3-1: Foul Ball, location: 2F
3-2: Strikes out looking
Batting: SHB Jim Whitlock 0-0: Called Strike
0-1: Called Strike
0-2: Foul Ball, location: 9LSF
0-2: Ball
1-2: Strikes out swinging, 2-3 out at first.
Top of the 9th over - 0 runs, 0 hits, 0 errors, 0 left on base; Minnesota 0 - Boston 2
Thursday, April 18th , 2024 - OOTP Baseball 24.11 Build 85